 Dungeon Crawl Stone Soup version 0.30-a0-972-gf3ab3527aa (webtiles) character file.

Game seed: 15847456724039355531

57 cforsyth the Shield-Bearer (level 4, -2/37 HPs)
             Began as a Formicid Fighter on Mar 31, 2023.
             Killed by nerve-wracking pain
             ... invoked by Grinder
              (11 damage)
             ... on level 3 of the Dungeon.
             The game lasted 00:03:43 (1644 turns).

cforsyth the Shield-Bearer (Formicid Fighter)       Turns: 1644, Time: 00:03:44

Health: -2/37      AC:  6    Str: 23    XL:     4   Next: 18%
Magic:  4/4        EV:  9    Int:  7    God:
Gold:   136        SH:  5    Dex: 13    Spells: 3/3 levels left

rFire   . . .      SeeInvis +    a - +0 flail
rCold   . . .      Faith    .    c - +0 buckler
rNeg    . . .      Spirit   .    b - +0 scale mail
rPois   .          Reflect  .    (helmet unavailable)
rElec   .          Rampage  .    (no cloak)
rCorr   .                        (no gloves)
Will    .....                    (no boots) Stlth
                                 (no amulet)
HPRegen 0.26/turn                (no ring)
MPRegen 0.09/turn                (no ring)

@: mighty
A: permanent stasis, dig shafts and tunnels, antennae 3, four strong arms
a: Dig, Shaft Self


You were on level 3 of the Dungeon.
You visited 1 branch of the dungeon, and saw 3 of its levels.

You collected 136 gold pieces.

Inventory:

Hand Weapons
 a - a +0 flail (weapon)
Armour
 b - a +0 scale mail (worn)
 c - a +0 buckler (worn)
Wands
 q - a wand of light (9)
Scrolls
 e - 6 scrolls of identify {unknown}
 f - a scroll of noise {unknown}
 h - 4 scrolls of fear {unknown}
 i - 2 scrolls of immolation {unknown}
 j - a scroll of teleportation {unknown}
 m - a scroll of enchant weapon {unknown}
 n - a scroll of magic mapping {unknown}
 o - a scroll of enchant armour {unknown}
 s - 2 scrolls of blinking {unknown}
Potions
 d - a potion of might
 g - a potion of resistance {unknown}
 k - a potion of brilliance {unknown}
 l - 2 potions of heal wounds {unknown}
 p - a potion of curing {unknown}
 r - a potion of degeneration {unknown}


   Skills:
 + Level 4.0 Fighting
 * Level 3.6 Maces & Flails
 - Level 3.2 Armour
 - Level 4.0 Shields


You had 3 spell levels left.
You didn't know any spells.
Your spell library contained the following spells:

 Spells                   Type           Power      Damage    Failure   Level
 Lesser Beckoning         Tloc           0%         N/A       91%         2
 Momentum Strike          Conj/Tloc      0%         3d8       91%         2
 Blink                    Tloc           Unusable   N/A       N/A         2

Dungeon Overview and Level Annotations

Branches:
Dungeon (3/15)

Altars:

Annotations:
D:3 Grinder


Innate Abilities, Weirdness & Mutations

You cannot be hasted, slowed, berserked, paralysed or teleported.
You can dig through walls and to a lower floor.
You have a pair of large antennae on your head. (SInv)
Your four strong arms can wield two-handed weapons with a shield.


Message History

You are too injured to fight recklessly!
You are too injured to fight recklessly!
You are too injured to fight recklessly!
You are too injured to fight recklessly!
You are too injured to fight recklessly!
You are too injured to fight recklessly!
You are too injured to fight recklessly!
You are too injured to fight recklessly!
You are too injured to fight recklessly!
You are too injured to fight recklessly!
You are too injured to fight recklessly!
You are too injured to fight recklessly!
You are too injured to fight recklessly!
You are too injured to fight recklessly!
You are too injured to fight recklessly!
You are too injured to fight recklessly!
You are too injured to fight recklessly!
You are too injured to fight recklessly!
You are too injured to fight recklessly!
You feel very mighty all of a sudden. Grinder hits you.
* * * LOW HITPOINT WARNING * * *
You writhe in agony.
* * * LOW HITPOINT WARNING * * *
You sock Grinder!
Grinder is moderately wounded.
Grinder blinks!
Grinder barely misses you.
You hit Grinder.
Grinder is moderately wounded.
Grinder gestures at you. You resist with significant effort.
You barely miss Grinder.
Grinder is moderately wounded.
Grinder barely misses you.
You sock Grinder!
Grinder is severely wounded.
Grinder gestures at you. Pain shoots through your body!
You die...

######
#....#
#....#
#....#
#.@5.#
####....#
###....####
##...#### #
#..### #
######.##
## #......#
.###.##..##
...#.....#


You could see Grinder.

Vanquished Creatures
  An adder (D:2)
  A worm (D:3)
  A dart slug (D:1)
  5 bats
  7 endoplasms
  3 goblins
  6 hobgoblins
  2 quokkas (D:2)
  4 ball pythons
  5 frilled lizards
  2 kobolds
  3 rats
40 creatures vanquished.

Notes
Turn   | Place    | Note
-------+----------+-------------------------------------------
     0 | D:1      | cforsyth the Formicid Fighter began the quest for the Orb.
     0 | D:1      | Reached XP level 1. HP: 18/18 MP: 1/1
     2 | D:1      | Noticed a human
     2 | D:1      | Noticed an armataur
     4 | D:1      | Noticed a merfolk
     4 | D:1      | Noticed an ogre
     6 | D:1      | Noticed a vampire
     6 | D:1      | Noticed a formicid
     8 | D:1      | Noticed an octopode
     8 | D:1      | Noticed a felid
    10 | D:1      | Noticed a troll
    10 | D:1      | Noticed a demigod
    12 | D:1      | Noticed a gargoyle
    14 | D:1      | Noticed a draconian
    14 | D:1      | Noticed a vine stalker
    18 | D:1      | Noticed a ghoul
    18 | D:1      | Noticed a demonspawn
    20 | D:1      | Noticed a minotaur
    20 | D:1      | Noticed a tengu
    22 | D:1      | Noticed an elf
    22 | D:1      | Noticed a spriggan
    24 | D:1      | Noticed a vine stalker
    24 | D:1      | Noticed a naga
    26 | D:1      | Noticed a minotaur
    26 | D:1      | Noticed a draconian
   367 | D:1      | Reached XP level 2. HP: 24/24 MP: 2/2
   819 | D:2      | Reached XP level 3. HP: 30/30 MP: 3/3
  1438 | D:3      | Reached XP level 4. HP: 33/37 MP: 4/4
  1630 | D:3      | Noticed Grinder
  1644 | D:3      | Killed from afar by Grinder

Illustrated notes

Levels and vault maps discovered:
D:1:      kb_arrival_jail, layout_loops_ring, palyth_stone_intersect,
          kennysheep_boxes
D:2:      layout_basic
D:3:      layout_rooms, uniq_grinder

Skill      XL: |  1  2  3  4 |
---------------+-------------+-----
Maces & Flails | 3 |  3.6
Fighting       | 4 |  4.0
Armour         | |  3.2
Shields        | |  4.0

Action                     |  1- 3 |  4- 6 || total
---------------------------+-------+-------++-------
  Melee: Flail             |    90 |    16 ||   106
Ability: Dig               |     1 |       ||     1
    Use: Potion            |       |     1 ||     1
 Armour: Scale mail        |    31 |     3 ||    34
  Dodge: Dodged            |    46 |     7 ||    53
  Block: Buckler           |    24 |     1 ||    25

Table legend: (Time is in decaauts)
 A = Elapsed time spent in this place.
 B = Non-inter-level travel time spent in this place.
 C = Inter-level travel time spent in this place.
 D = Time resting spent in this place.
 E = Time spent auto-exploring this place.
 F = Levels seen in this place.
 G = Mean time per level.
                   A        B        C        D        E       F      G
               +--------+--------+--------+--------+--------+-----+--------+
         Total |   1695 |   1677 |     18 |      0 |   1308 |   3 |  565.0 |
       Dungeon |   1695 |   1677 |     18 |      0 |   1308 |   3 |  565.0 |
               +--------+--------+--------+--------+--------+-----+--------+

Top non-repeatable levels by time:
     D:1: 812 daAuts
     D:2: 571 daAuts
     D:3: 311 daAuts
